Map: Praça Neon Violeta LE

Players

KuronoKei

  • Race: Zerg Zerg
  • League: Bronze
  • Spawn Location: 11:00

IagoAbreu - Winner!

  • Race: Terran Terran
  • Spawn Location: 5:00

VOD

Have the link to the VOD?

Description

Time

  • Played on: Feb. 19, 2018, 11:13 a.m.
  • Length: 5:57
Show
View Real Time Build Order
Export as new Build Order

KuronoKei Zerg 

Build Orders: Pool First 

Get SALT Encoding   

  12  0:08  Overlord  
  12  0:13  Drone  
  13  0:18  Drone  
  14  0:30  Drone  
  15  0:48  Drone  
  15  0:49  Drone  
  17  0:56  Extractor  
  16  0:59  Drone, Extractor  
  16  1:05  Drone  
  17  1:14  Drone  
  18  1:33  Drone  
  19  1:44  Spawning Pool  
  18  1:47  Drone  
  18  1:48  Drone  
  20  2:00  Burrow  
  20  2:05  Drone  
  21  2:20  Hatchery  
  21  2:21  Drone x2  
  22  2:29  Overlord  
  22  2:49  Drone  
  23  2:51  Drone  
  24  3:03  Drone  
  25  3:11  Queen  
  27  3:22  Baneling Nest  
  26  3:44  Zergling x2  
  26  3:45  Zergling x4  
  29  3:49  Drone x2  
  31  4:19  Overlord  
  31  4:20  Overlord x2  
  30  4:47  Drone x2  
  28  5:12  Drone x3  
  31  5:27  Spine Crawler  
Show
View Real Time Build Order
Export as new Build Order

IagoAbreu Terran - Winner!

Build Orders: Command Center First (CC) 

Get SALT Encoding   

  12  0:03  SCV  
  13  0:16  SCV  
  14  0:28  SCV  
  15  0:29  Supply Depot  
  15  0:49  Supply Depot  
  15  0:50  SCV  
  17  1:14  Command Center  
  17  1:16  SCV  
  17  1:22  Refinery  
  17  1:28  SCV  
  18  1:36  Barracks  
  18  1:40  SCV  
  19  1:54  SCV  
  19  1:57  Barracks  
  20  2:06  SCV  
  21  2:10  Engineering Bay  
  21  2:16  Refinery  
  21  2:18  SCV  
  22  2:29  Orbital Command  
  22  2:39  Orbital Command  
  22  2:54  Missile Turret  
  22  2:58  Missile Turret  
  22  2:59  Barracks Reactor  
  22  3:01  Marine  
  23  3:09  Terran Infantry Weapons Level 1  
  23  3:28  Barracks Reactor  
  23  3:36  SCV  
  24  3:48  SCV  
  24  3:52  Reaper x2  
  27  4:00  SCV  
  28  4:13  SCV  
  28  4:14  Engineering Bay  
  29  4:22  Factory  
  29  4:24  Reaper x2  
  29  4:25  SCV  
  31  4:31  Missile Turret  
Tags
 
Add a new tag
Caveats
  • Supply blocks, unpowered buildings, or Contaminate may cause inaccurate times.
  • Supply counts are checked every 10 seconds.